 Dungeon Crawl Stone Soup version 0.27.1-16-g815e20cd7a (webtiles) character file.

Game seed: 15601459125957460128

1766 DenSaoPin the Priest (level 9, -4/70 HPs)
             Began as a Hill Orc Monk on Nov 22, 2021.
             Was a Believer of Beogh.
             Slain by an ice beast (10 damage)
             ... on level 5 of the Dungeon.
             The game lasted 00:15:14 (8605 turns).

DenSaoPin the Priest (Hill Orc Monk)                Turns: 8605, Time: 00:15:14

Health: -4/70      AC: 11    Str: 17    XL:     9   Next: 7%
Magic:  15/15      EV:  6    Int: 10    God:    Beogh [**....]
Gold:   373        SH: 10    Dex: 13    Spells: 8/8 levels left

rFire    . . .     SeeInvis .   u - +0 war axe
rCold    . . .     Faith    .   A - +0 kite shield
rNeg     . . .     Spirit   .   n - +0 chain mail
rPois    .         Reflect  .   (no helmet)
rElec    .         Harm     .   (no cloak)
rCorr    .         Rampage  .   (no gloves)
Will     .....                  t - +0 pair of boots
Stlth    ..........             (no amulet)
HPRegen  0.21/turn              (no ring)
MPRegen  0.14/turn              (no ring)

@: no status effects
A: no striking features
a: Renounce Religion, Smiting


You were on level 5 of the Dungeon.
You worshipped Beogh.
Beogh was pleased with you.
You visited 1 branch of the dungeon, and saw 6 of its levels.

You collected 373 gold pieces.

Inventory:

Hand Weapons
 a - a +0 hand axe
 u - a +0 war axe (weapon)
 y - a +1 dagger of speed
Missiles
 C - a throwing net (quivered)
Armour
 b - a +0 robe
 c - a +0 leather armour
 k - a +0 scale mail
 n - a +0 chain mail (worn)
 t - a +0 pair of boots (worn)
 A - a +0 kite shield (worn)
Jewellery
 z - an amulet of magic regeneration
 B - an amulet of regeneration
Wands
 q - a wand of digging (5)
 F - a wand of charming (9)
Scrolls
 d - a scroll of holy word {unknown}
 i - 4 scrolls of teleportation {unknown}
 j - a scroll of identify {unknown}
 l - a scroll of silence {unknown}
 m - 2 scrolls of amnesia {unknown}
 o - a scroll of brand weapon {unknown}
 p - a scroll of blinking {unknown}
 v - 2 scrolls of magic mapping {unknown}
 w - a scroll of enchant weapon {unknown}
 E - a scroll of enchant armour {unknown}
Potions
 e - a potion of degeneration {unknown}
 f - a potion of mutation {unknown}
 g - 2 potions of flight {unknown}
 h - 2 potions of brilliance {unknown}
 r - 3 potions of curing
 s - a potion of might
 x - a potion of lignification {unknown}
 D - 2 potions of heal wounds


   Skills:
 - Level 3.6 Fighting
 - Level 8.0 Axes
 - Level 5.5 Armour
 - Level 2.4 Dodging
 - Level 1.5 Stealth
 + Level 5.6 Shields
 + Level 8.6 Invocations


You had 8 spell levels left.
You didn't know any spells.
Your spell library contained the following spells:

 Spells                   Type           Power      Damage    Failure   Level
 Freeze                   Ice            0%         1d3       100%        1
 Sting                    Tmut/Pois      0%         1d3       100%        1
 Passwall                 Tmut/Erth      0%         N/A       100%        2
 Poisonous Vapours        Pois/Air       0%         N/A       100%        2
 Frozen Ramparts          Ice            0%         1d2       100%        3
 Swiftness                Air            0%         N/A       100%        3
 Animate Armour           Summ/Erth      0%         N/A       100%        4
 Hailstorm                Conj/Ice       0%         3d3       100%        4
 Olgreb's Toxic Radiance  Pois           0%         N/A       100%        4
 Summon Lightning Spire   Summ/Air       0%         N/A       100%        4
 Blade Hands              Tmut           0%         N/A       100%        5
 Invisibility             Hex            0%         N/A       100%        6
 Iron Shot                Conj/Erth      0%         9d1       100%        6
 Storm Form               Tmut/Air       0%         N/A       100%        7
 Maxwell's Capacitive Co  Air            0%         ∞         100%        8


Dungeon Overview and Level Annotations

Branches:
Dungeon (6/15)             Temple (0/1) D:6

Altars:
Yredelemnul

Shops:
D:4 *(

Annotations:
D:5 3 runed translucent doors, wpisznazwe's ghost, weakling VSDe
D:6 2 transporters, MatrixGlitch's ghost, novice DsTm


Message History

The bullfrog is severely wounded.
You hit the ice beast but do no damage. The bullfrog hits you.
The ice beast hits you but does no damage.
You block the bullfrog's attack.
You closely miss the bullfrog.
The bullfrog is severely wounded.
You hit the ice beast but do no damage. The bullfrog hits you.
The ice beast hits you but does no damage.
You block the bullfrog's attack.
You closely miss the bullfrog.
The bullfrog is severely wounded.
Your chain mail prevents you from hitting the ice beast.
The ice beast hits you but does no damage.
You block the bullfrog's attack. x2; The ice beast barely misses you.
You hit the bullfrog.
The bullfrog is almost dead.
You hit the ice beast. You block the bullfrog's attack.
The ice beast hits you but does no damage.
The bullfrog hits you but does no damage.
You slash the bullfrog!
You kill the bullfrog!
Beogh accepts your kill.
You hit the ice beast but do no damage. The ice beast hits you.
The ice beast freezes you!
* * * LOW HITPOINT WARNING * * *
You see here a bullfrog corpse.
What are your orders? t - Shout!
Orders for allies: a - Attack new target. r - Retreat! s - Stop attacking. g - Guard the area. f - Follow me.
Anything else - Cancel.
Okay, then.
Okay, then.
The ice beast hits you. The ice beast freezes you!
* * * LOW HITPOINT WARNING * * *
The ice beast hits you.
* * * LOW HITPOINT WARNING * * *
The ice beast freezes you!
You die...

..##### #.##.###.##
#.# ...)).#
#.##.##...###.#
#####.#
#.............#
Oyo.#.#
#######.##...#####
.#o.#.###..÷>†..###.##
#..O#.......##### #.#
..)o#.###.#.# #.#
#.)W#.# #.#.#######.#
.#..#.# #.#.....@Y..#
....#.# #.###########
#####.# #.# ......#
#.# ####### #.#
.########.#
..........#
###########


You could see an ice beast.

Vanquished Creatures
  A hornet (D:6)
  Purgy (D:3)
  An ice beast (D:6)
  2 sky beasts (D:6)
  2 necrophages (D:5)
  2 centaurs
  A bullfrog (D:5)
  3 water moccasin zombies (D:5)
  2 scorpions
  A centaur zombie (D:6)
  3 orc priests
  A bullfrog skeleton (D:5)
  A hound (D:5)
  A jelly (D:4)
  2 iguanas
  Ijyb (D:3)
  An orc wizard (D:5)
  6 gnolls
  4 adders
  An ufetubus (D:4)
  An adder skeleton (D:4)
  12 dart slugs
  2 worms
  14 orcs
  4 ball pythons
  7 bats
  6 endoplasms
  2 giant cockroaches
  A hobgoblin (D:3)
  2 jackals (D:4)
  3 quokkas (D:1)
  4 frilled lizards
  10 goblins
  4 kobolds
  2 rats
111 creatures vanquished.

Notes
Turn   | Place    | Note
-------+----------+-------------------------------------------
     0 | D:1      | DenSaoPin the Hill Orc Monk began the quest for the Orb.
     0 | D:1      | Reached XP level 1. HP: 19/19 MP: 1/1
   278 | D:1      | Reached skill level 1 in Armour
   291 | D:1      | Reached XP level 2. HP: 26/26 MP: 2/2
  1106 | D:1      | Reached XP level 3. HP: 31/31 MP: 3/3
  1720 | D:2      | Reached skill level 5 in Axes
  2761 | D:3      | Noticed Ijyb
  2893 | D:3      | Killed Ijyb
  2894 | D:3      | Reached XP level 4. HP: 13/39 MP: 4/4
  3482 | D:3      | Noticed Purgy
  3632 | D:4      | Found Mejurupp's Weapon Emporium.
  3866 | D:4      | Reached XP level 5. HP: 44/45 MP: 5/5
  3880 | D:4      | Became a worshipper of Beogh the Brigand
  3880 | D:4      | Reached * piety under Beogh
  3880 | D:4      | Reached ** piety under Beogh
  4036 | D:4      | Found Afeat's Gadget Gallery.
  4217 | D:4      | Reached skill level 1 in Invocations
  4401 | D:3      | Found a basalt altar of Yredelemnul.
  4481 | D:3      | Killed Purgy
  4482 | D:3      | Reached XP level 6. HP: 20/51 MP: 5/7
  5352 | D:5      | Entered Level 5 of the Dungeon
  5648 | D:5      | Noticed a hornet
  5649 | D:5      | Noticed wpisznazwe's ghost (weakling VSDe)
  5658 | D:5      | Found a runed translucent gate.
  5658 | D:5      | Found a runed translucent gate.
  5660 | D:5      | Found a runed translucent gate.
  5699 | D:5      | Reached XP level 7. HP: 25/57 MP: 9/9
  5977 | D:5      | Reached skill level 5 in Armour
  6635 | D:5      | Reached skill level 5 in Invocations
  6981 | D:5      | Reached skill level 1 in Shields
  6981 | D:5      | Reached XP level 8. HP: 40/63 MP: 10/12
  7943 | D:6      | Found a transporter.
  7943 | D:6      | Noticed MatrixGlitch's ghost (novice DsTm)
  7968 | D:6      | Found a transporter.
  7998 | D:6      | Found a staircase to the Ecumenical Temple.
  8288 | D:6      | Noticed a hornet
  8294 | D:6      | Paralysed by a hornet for 3 turns
  8298 | D:6      | Killed a hornet
  8299 | D:6      | Reached skill level 5 in Shields
  8299 | D:6      | Reached XP level 9. HP: 54/70 MP: 7/15
  8605 | D:5      | Slain by an ice beast

Illustrated notes

Levels and vault maps discovered:
D:1:      amcnicky_arrival_feature_with_door, layout_basic,
          hangedman_abyss_or_decor_stabs
D:2:      layout_loops_corners
D:3:      kennysheep_the_goblin_king, layout_basic,
          mainiacjoe_overflow_brackets, kennysheep_boxes, uniq_purgy
D:4:      layout_loops_ring, serial_shops, shop_statue, nicolae_shop_gadgets
D:5:      kennysheep_slugbush, layout_loops_ring, gammafunk_ghost_split
D:6:      layout_loops_ring, minmay_temple_entry_statues_fountains,
          gammafunk_ghost_mausoleum

Skill      XL: |  1  2  3  4  5  6  7  8 |
---------------+-------------------------+-----
Armour         | 1 2 3 4 5 |  5.5
Axes           | 5 6 7 8 |  8.0
Invocations    | 2 3 5 8 |  8.6
Shields        | 1 5 |  5.6
Fighting       | |  3.6
Dodging        | |  2.4
Stealth        | |  1.5

Action                   |  1- 3 |  4- 6 |  7- 9 || total
-------------------------+-------+-------+-------++-------
Melee: Hand axe          |   155 |    39 |       ||   194
       War axe           |       |   130 |   209 ||   339
Invok: Convert to Beogh  |       |     1 |       ||     1
       Smiting           |       |       |     4 ||     4
 Stab: Sleeping          |     2 |       |       ||     2
Armor: Leather armour    |    28 |       |       ||    28
       Chain mail        |    22 |   141 |   138 ||   301
       Scale mail        |     2 |       |       ||     2
Dodge: Dodged            |    97 |    92 |    48 ||   237
Block: Kite shield       |       |       |    79 ||    79
